Map: Acropolis LE

Players

ShaDoWn - Winner!

  • Race: Protoss Protoss
  • Spawn Location: 5:00

Rob

  • Race: Protoss Protoss
  • Spawn Location: 11:00

VOD

Have the link to the VOD?

Description

Time

  • Played on: Sept. 6, 2019, 4:13 p.m.
  • Length: 11:30
Show
View Real Time Build Order
Export as new Build Order

ShaDoWn Protoss - Winner!

Build Orders: Phoenix Opening, Archon Immortal 

Get SALT Encoding   

  12  0:00  Probe  
  13  0:12  Probe  
  14  0:17  Pylon  
  14  0:24  Probe  
  15  0:32  Probe  
  15  0:38  Gateway  
  15  0:40  Probe  
  16  0:46  Assimilator  
  17  0:51  Probe  
  17  0:54  Assimilator  
  18  1:00  Probe  
  19  1:08  Gateway, Probe  
  19  1:17  Probe  
  21  1:25  Cybernetics Core  
  21  1:29  Probe  
  22  1:34  Pylon  
  22  1:41  Probe  
  23  1:53  Probe  
  24  2:02  Warp Gate, Sentry, Stalker  
  28  2:12  Pylon  
  28  2:22  Robotics Facility  
  28  2:35  Phoenix  
  32  2:39  Nexus  
  32  2:43  Sentry  
  30  2:49  Stalker  
  32  2:54  Probe  
  33  2:59  Warp Prism  
  33  3:12  Probe  
  36  3:20  Pylon  
  36  3:24  Probe  
  37  3:32  Immortal  
  37  3:36  Probe  
  42  3:48  Probe x2  
  40  4:08  Probe  
  40  4:09  Probe  
  39  4:14  Adept  
  39  4:15  Adept  
  43  4:20  Probe  
  43  4:21  Probe  
  45  4:28  Probe, Phoenix  
  45  4:34  Stalker  
  45  4:35  Probe  
  45  4:37  Probe  
  47  4:40  Stalker  
  48  4:46  Probe  
  48  4:48  Probe  
  48  4:53  Shield Battery  
  48  4:55  Probe  
  48  4:59  Stalker  
  51  5:00  Probe  
  51  5:04  Probe  
  52  5:12  Probe  
  52  5:13  Immortal, Probe  
  58  5:18  Pylon  
  59  5:24  Probe  
  59  5:25  Probe  
  61  5:34  Probe  
  59  5:38  Probe  
  59  5:41  Assimilator  
  59  5:42  Assimilator  
  57  5:43  Zealot x2, Probe  
  62  5:50  Probe  
  62  5:53  Probe  
  62  5:54  Pylon  
  62  5:56  Forge, Phoenix  
  64  5:59  Probe  
  64  6:01  Observer  
  66  6:05  Probe  
  66  6:07  Probe  
  67  6:15  Gateway x2  
  67  6:16  Pylon, Probe  
  67  6:17  Probe  
  69  6:18  Protoss Ground Weapons Level 1  
  70  6:29  Probe  
  71  6:38  Gateway  
  71  6:39  Gateway  
  71  6:41  Gateway  
  71  6:43  Twilight Council  
  71  6:47  Zealot  
  71  6:50  Immortal  
  71  6:52  Zealot  
  75  6:58  Shield Battery  
  77  7:09  Sentry x2  
  79  7:15  Pylon  
  79  7:17  Stalker  
  79  7:19  Charge  
  79  7:20  Immortal  
  79  7:21  Templar Archives  
  81  7:39  Probe  
  81  7:43  Zealot x4  
  88  7:59  Warp Prism  
  86  8:08  High Templar x2  
  86  8:09  Zealot, High Templar x2  
  86  8:11  Protoss Ground Weapons Level 2  
  86  8:12  Archon x2  
  90  8:20  Pylon  
  90  8:25  Immortal  
  84  8:36  Zealot x3  
  89  9:00  Zealot x4  
  95  9:04  Immortal  
  95  9:05  Zealot  
  101  9:14  Nexus  
  101  9:18  Pylon  
  97  9:30  High Templar x2  
  101  9:39  High Templar x2  
  101  9:40  Archon  
  101  9:42  Shield Battery  
  101  9:43  Shield Battery, Archon  
  105  9:48  Pylon  
  105  9:57  Immortal  
  109  10:01  Pylon  
  109  10:12  High Templar x2  
  109  10:13  Zealot x2  
  117  10:17  Archon  
  117  10:19  Photon Cannon  
  117  10:29  Zealot x2  
  117  10:30  Assimilator  
  117  10:33  Zealot x2  
  125  10:40  Zealot  
  127  10:49  High Templar x2  
  131  10:56  Archon  
  131  10:57  Zealot x4  
  132  11:07  Zealot  
  92  11:19  Zealot  
  92  11:20  Zealot  
  92  11:22  Zealot x2  
Show
View Real Time Build Order
Export as new Build Order

Rob Protoss 

Build Orders: Oracle Opening 

Get SALT Encoding   

  12  0:01  Probe  
  13  0:13  Probe  
  14  0:21  Pylon  
  14  0:25  Probe  
  15  0:35  Probe  
  15  0:40  Gateway  
  16  0:43  Probe  
  17  0:50  Assimilator  
  17  0:53  Probe  
  18  0:57  Assimilator  
  18  1:05  Probe  
  18  1:08  Gateway  
  19  1:14  Probe  
  20  1:22  Probe  
  20  1:27  Cybernetics Core  
  20  1:31  Probe  
  22  1:40  Pylon  
  22  1:44  Probe  
  23  1:55  Pylon  
  23  1:58  Probe  
  24  2:05  Warp Gate, Sentry, Stalker  
  28  2:26  Pylon  
  28  2:31  Stargate  
  28  2:46  Nexus  
  28  2:51  Probe  
  29  3:03  Probe  
  29  3:05  Oracle  
  30  3:16  Stalker  
  30  3:18  Stalker  
  37  3:21  Probe  
  38  3:33  Probe  
  39  3:38  Twilight Council  
  39  3:45  Probe  
  40  3:52  Gateway  
  40  3:58  Probe  
  41  4:08  Probe  
  41  4:09  Stalker x2  
  46  4:10  Probe  
  46  4:14  Oracle  
  47  4:20  Probe  
  47  4:22  Probe  
  52  4:32  Shield Battery, Probe  
  52  4:34  Probe  
  52  4:37  Stalker  
  55  4:46  Probe x2  
  55  4:48  Blink  
  55  4:52  Stalker  
  58  4:57  Stalker  
  58  4:58  Probe  
  61  5:02  Probe  
  62  5:10  Forge  
  62  5:14  Assimilator  
  62  5:19  Pylon  
  62  5:20  Pylon  
  62  5:32  Probe x2  
  61  5:38  Stalker x2  
  61  5:41  Protoss Ground Weapons Level 1  
  62  5:49  Assimilator  
  58  5:53  Probe  
  58  5:54  Probe  
  58  5:55  Gateway x2  
  60  5:58  Stalker  
  62  6:05  Probe  
  62  6:06  Probe  
  62  6:09  Pylon  
  64  6:13  Stalker  
  64  6:14  Stalker  
  64  6:18  Probe  
  69  6:23  Pylon  
  69  6:26  Stalker  
  71  6:36  Stalker  
  71  6:37  Stalker  
  75  6:41  Pylon  
  75  6:48  Nexus  
  75  6:59  Probe x2  
  77  7:05  Gateway  
  77  7:08  Gateway  
  77  7:11  Probe x2  
  79  7:17  Charge  
  79  7:23  Probe x2  
  79  7:28  Stalker x3  
  79  7:29  Stalker x2  
  85  7:43  Gateway x2  
  85  7:53  Gateway  
  85  7:54  Templar Archives  
  85  7:55  Gateway  
  85  8:13  Protoss Ground Weapons Level 2  
  85  8:18  Zealot x7  
  91  8:40  High Templar x4  
  99  8:43  Zealot x4  
  99  8:44  Zealot  
  99  8:46  Pylon  
  99  8:47  Robotics Facility  
  109  8:53  Archon  
  109  8:54  Archon  
  109  8:56  Zealot x2  
  113  9:07  Pylon  
  113  9:09  Pylon  
  109  9:12  High Templar  
  109  9:13  Zealot x2, High Templar  
  109  9:14  Zealot  
  109  9:15  Zealot  
  121  9:17  Archon  
  117  9:24  Zealot  
  117  9:25  Zealot x2  
  117  9:26  Warp Prism  
  117  9:28  Pylon  
  117  9:31  Probe x3  
  128  9:42  High Templar x2  
  132  9:50  Stalker  
  134  9:55  Pylon  
  134  9:59  Zealot x5  
  144  10:09  High Templar x2  
  144  10:13  Archon  
  148  10:14  Pylon  
  148  10:15  Pylon  
  148  10:18  Nexus  
  148  10:19  Archon  
  148  10:24  Zealot x4  
  148  10:27  Pylon  
  156  10:39  Zealot x2  
  160  10:52  Zealot x9  
  136  11:13  Zealot x8  
Tags
 
Add a new tag
Caveats
  • Supply blocks, unpowered buildings, or Contaminate may cause inaccurate times.
  • Supply counts are checked every 10 seconds.